 Dungeon Crawl Stone Soup version 0.17.0-56-gd8de76c (webtiles) character file.

184 coffecat the Ducker (level 5, -2/24 HPs)
             Began as a Felid Transmuter on Dec 4, 2015.
             Was a Follower of Elyvilon.
             Killed by divine providence
             ... invoked by an orc priest
              (16 damage)
             ... on level 8 of the Dungeon.
             The game lasted 00:33:16 (6779 turns).

coffecat the Ducker (Felid Transmuter)              Turns: 6779, Time: 00:33:16

Health: -2/24      AC:  2    Str:  7    XL:     5   Next: 36%
Magic:  4/12       EV: 20    Int: 17    God:    Elyvilon [*.....]
Gold:   326        SH:  0    Dex: 18    Spells: 5 memorised, 4 levels left
                                        Lives:  0   Deaths: 2

rFire  . . .     SeeInvis +       - Unarmed
rCold  . . .     Clarity  .     (armour unavailable)
rNeg   . . .     SustAt   .     (shield unavailable)
rPois  .         Gourm    .     (helmet unavailable)
rElec  .         Spirit   .     (cloak unavailable)
rCorr  .         Warding  .     (gloves unavailable)
rMut   +         Stasis   .     (boots unavailable)
MR     .....                    k - amulet of resist mutation
Stlth  ++........               o - +3 ring of intelligence
                                l - ring of wizardry

@: appendage, very slightly contaminated, quick, not resistant to hostile
enchantments, unstealthy
A: no armour, no weapons or thrown items, claws 1, fangs 3, horns 2, see
invisible, carnivore 3, speed 1, shaggy fur 2, slow metabolism 1, sharp paws
a: End Transformation, Lesser Healing, Divine Protection, Renounce Religion


You were on level 8 of the Dungeon.
You worshipped Elyvilon.
Elyvilon was aware of your devotion.
You were not hungry.
You had grown temporary horns.
You visited 2 branches of the dungeon, and saw 9 of its levels.

You collected 326 gold pieces.

Inventory:

Missiles
 a - 66 arrows
Jewellery
 i - an uncursed ring of magical power {unknown}
 k - an amulet of resist mutation (around neck)
 l - a ring of wizardry (left paw)
 o - a +3 ring of intelligence (right paw)
Wands
 m - a wand of polymorph (8)
 q - a wand of frost (48)
 r - a wand of digging (7)
Scrolls
 d - 3 scrolls of teleportation
 f - a scroll of fog
 h - a scroll of identify
 t - a scroll of remove curse
Potions
 e - a potion of resistance
 w - a potion of degeneration
 x - a potion of poison {unknown}
 B - a potion of agility
 C - 3 potions of cancellation
Books
 b - a book of Changes

   Spells                             Type                      Level
   a - Beastly Appendage              Transmutation                1
   b - Sticks to Snakes               Transmutation                2
   c - Spider Form                    Transmutation/Poison         3
   d - Ice Form                       Ice/Transmutation            4
   e - Blade Hands                    Transmutation                5
 g - the Handbook of Attacks
   (You acquired it on level 7 of the Dungeon)

   Spells                             Type                      Level
   a - Shock                          Conjuration/Air              1
   b - Sting                          Conjuration/Poison           1
   c - Magic Dart                     Conjuration                  1
   d - Spellforged Servitor           Conjuration/Summoning        7
   e - Delayed Fireball               Conjuration/Fire             7
 j - a book of Envenomations

   Spells                             Type                      Level
   a - Spider Form                    Transmutation/Poison         3
   b - Alistair's Intoxication        Transmutation/Poison         4
   c - Olgreb's Toxic Radiance        Poison                       4
   d - Poisonous Cloud                Conjuration/Poison/Air       6
 A - a book of Flames

   Spells                             Type                      Level
   a - Flame Tongue                   Conjuration/Fire             1
   b - Throw Flame                    Conjuration/Fire             2
   c - Conjure Flame                  Conjuration/Fire             3
   d - Inner Flame                    Hexes/Fire                   3
   e - Sticky Flame                   Conjuration/Fire             4
   f - Fireball                       Conjuration/Fire             5
Comestibles
 c - 3 meat rations
 p - a slice of pizza


   Skills:
 * Level 2.8 Fighting
 + Level 4.8 Dodging
 * Level 4.7 Unarmed Combat
 * Level 4.0 Spellcasting
 * Level 4.3 Transmutations
 * Level 2.0 Poison Magic


You had 4 spell levels left.
You knew the following spells:

 Your Spells              Type           Power        Failure   Level  Hunger
a - Beastly Appendage     Trmt           ###...       1%          1    None
b - Sticks to Snakes      Trmt           ###.......   1%          2    ##.....
c - Spider Form           Trmt/Pois      ##........   6%          3    ###....
d - Sting                 Conj/Pois      #...         4%          1    None
e - Shock                 Conj/Air       #...         7%          1    None


Dungeon Overview and Level Annotations

Branches:
Dungeon (8/15)             Temple (1/1) D:5
   Lair: D:8-11

Altars:
Ashenzari
Cheibriados
Dithmenos
Elyvilon
Fedhas
Gozag
Kikubaaqudgha
Makhleb
Nemelex Xobeh
Okawaru
Qazlal
Ru
Sif Muna
Trog
Vehumet
Xom
Zin
The Shining One

Annotations:
D:4 Purgy
D:8 Grum


Innate Abilities, Weirdness & Mutations

You cannot wear armour.
You are incapable of wielding weapons or throwing items.
You have sharp claws.
You have razor-sharp teeth.
You have supernaturally acute eyesight.
You are carnivorous and can eat meat at any time.
You cover ground quickly.
You are covered in thick fur (AC +2).
You have a slow metabolism.
Your sharp claws are effective at attacking unaware monsters.
You have a pair of horns on your head.


Message History

The orc hits your ball python.
Your adder closely misses the orc priest.
The orc completely misses you.
The orc closely misses your ball python.
The orc priest invokes the aid of Beogh against you.
Something smites you!
Your ball python bites the orc but does no damage.
Your ball python barely misses the orc. x2
Your ball python grabs the orc.
Your ball python constricts the orc.
The hound zombie barely misses you.
You barely miss the orc.
Your adder bites the orc priest.
The orc priest is poisoned.
Your adder poisons the orc priest!
The orc barely misses your ball python. The hound zombie closely misses you.
Your ball python bites the orc.
Your ball python constricts the orc.
Your ball python misses the orc.
Your ball python barely misses the orc.
The orc barely misses you.
The orc priest calls down the wrath of Beogh upon you.
Something smites you!
Ouch! That really hurt!
You die...

###########
#..@.......
#.ZoSS.....
#SoooS.....
#...[......
#.....≈....
#....≈≈≈...
#....≈≈≈...
#....≈≈....


You could see an orc priest, 3 orcs, a hound zombie, 2 friendly adders and 2
friendly ball pythons.

Vanquished Creatures
  Sigmund (D:3)
  A jelly (D:6)
  A crimson imp (D:5)
  A giant frog skeleton (D:7)
  3 centaur skeletons
  A hound (D:5)
  2 iguanas (D:6)
  An orc wizard (D:6)
  A worker ant (D:5)
  A hound skeleton (D:6)
  3 adders
  2 shadow imps
  An ooze (D:6)
  2 worms
  2 orcs
  5 bats
  5 giant cockroaches
  6 hobgoblins
  A giant cockroach zombie (D:6)
  2 giant geckos
  A giant gecko skeleton (D:4)
  4 giant newts
  8 goblins
  8 jackals
  6 kobolds
  5 rats
74 creatures vanquished.

Vanquished Creatures (collateral kills)
  An orc warrior (D:6)
  A centaur (D:6)
2 creatures vanquished.

Grand Total: 76 creatures vanquished

Notes
Turn   | Place    | Note
--------------------------------------------------------------
     0 | D:1      | coffecat the Felid Transmuter began the quest for the Orb.
     0 | D:1      | Reached XP level 1. HP: 9/9 MP: 4/4
   563 | D:1      | Reached XP level 2. HP: 6/12 MP: 6/6
  1675 | D:2      | Learned a level 2 spell: Sticks to Snakes
  1836 | D:2      | Reached XP level 3. HP: 5/15 MP: 5/7
  2529 | D:2      | Learned a level 3 spell: Spider Form
  2785 | D:3      | Found a stormy altar of Qazlal.
  2893 | D:3      | Noticed Sigmund
  2935 | D:3      | Killed Sigmund
  2935 | D:3      | Reached skill level 4 in Dodging
  2935 | D:3      | Reached XP level 4. HP: 2/19 MP: 2/9
  2935 | D:3      | Reached XP level 5. HP: 2/22 MP: 2/10
  3380 | D:3      | Noticed an ice beast
  3947 | D:4      | Found an ancient bone altar of Kikubaaqudgha.
  4175 | D:4      | Noticed Purgy
  4236 | D:5      | Entered Level 5 of the Dungeon
  4370 | D:5      | Gained mutation: You are covered in thick fur (AC +2). [Felid growth]
  4370 | D:5      | Reached XP level 6. HP: 22/26 MP: 9/11
  4838 | D:5      | Found a staircase to the Ecumenical Temple.
  4883 | Temple   | Entered the Ecumenical Temple
  4939 | Temple   | Became a worshipper of Elyvilon the Healer
  5661 | D:6      | Reached skill level 1 in Poison Magic
  5779 | D:6      | Reached XP level 7. HP: 13/30 MP: 9/13
  6007 | D:6      | Reached * piety under Elyvilon
  6657 | D:7      | Identified a scroll of acquirement
  6658 | D:7      | Identified the Handbook of Attacks (You acquired it on level 7 of the Dungeon)
  6701 | D:7      | Slain by a black bear
  6702 | D:7      | Reached XP level 6. HP: 0/27 MP: 8/13
  6758 | D:8      | Noticed Grum
  6758 | D:8      | Noticed a wolf
  6758 | D:8      | Noticed a wolf
  6760 | D:8      | Noticed a wolf
  6767 | D:8      | Slain by a wolf
  6768 | D:8      | Reached XP level 5. HP: -1/24 MP: 12/12
  6770 | D:8      | Learned a level 1 spell: Sting
  6772 | D:8      | Learned a level 1 spell: Shock
  6779 | D:8      | Killed from afar by an orc priest

Action                   |  1- 3 |  4- 6 |  7- 9 || total
-------------------------+-------+-------+-------++-------
Melee: Unarmed           |    92 |   105 |    35 ||   232
 Cast: Beastly Appendage |    16 |    19 |     6 ||    41
       Sticks to Snakes  |     1 |     5 |    15 ||    21
       Spider Form       |     1 |       |       ||     1
       Shock             |       |     1 |       ||     1
 Abil: End Transformatio |       |     2 |       ||     2
Evoke: Wand              |       |     1 |       ||     1
  Use: Potion            |     1 |     1 |     4 ||     6
       Scroll            |       |       |    15 ||    15
 Stab: Sleeping          |     6 |     3 |       ||     9
       Distracted        |       |       |     1 ||     1
  Eat: Chunk             |    11 |     6 |     1 ||    18
